 Dungeon Crawl Stone Soup version 0.20.0-14-g326068f (webtiles) character file.

17107 Chiseanne the Fighter (level 12, -4/103 HPs)
             Began as a Demonspawn Wanderer on June 8, 2017.
             Was a Believer of Makhleb.
             Slain by a skeletal warrior
             ... wielding a +0 hand axe
             ... led by a skeletal warrior
              (12 damage)
             ... on level 9 of the Dungeon.
             The game lasted 00:23:10 (11049 turns).

Chiseanne the Fighter (Demonspawn Wanderer)        Turns: 11049, Time: 00:23:10

Health: -4/103     AC: 11    Str: 16    XL:     12   Next: 16%
Magic:  12/12      EV: 17    Int: 15    God:    Makhleb [**....]
Gold:   475        SH:  3    Dex: 17    Spells: 11/11 levels left

rFire    + . .     SeeInvis .   a - +10 long sword "Qecaby" {freeze, Int+4}
rCold    . . .     Gourm    .   (no shield)
rNeg     . . .     Faith    .   J - +1 ring mail {rF+}
rPois    +         Spirit   .   (helmet restricted)
rElec    .         Reflect  +   B - +0 cloak
rCorr    .         Harm     .   C - +0 pair of gloves
MR       .....                  (no boots)
Stlth    +.........             u - +3 amulet of reflection
Regen    0.3/turn               t - ring of poison resistance
MPRegen  0.2/turn               F - ring of wizardry

@: no status effects
A: horns 1, powered by death 3, spiny 2
a: Minor Destruction, Renounce Religion


You were on level 9 of the Dungeon.
You worshipped Makhleb.
Makhleb was pleased with you.
You were not hungry.

You visited 2 branches of the dungeon, and saw 11 of its levels.

You collected 475 gold pieces.

Inventory:

Hand Weapons
 a - the +10 long sword "Qecaby" (weapon) {freeze, Int+4}
   (You found it on level 10 of the Dungeon)

   It has been specially enchanted to freeze those struck by it, causing extra
   injury to most foes and up to half again as much damage against particularly
   susceptible opponents.
   It can also slow down cold-blooded creatures.
   It affects your intelligence (+4).
 s - a +2 spear of venom
 E - a +0 war axe
Missiles
 e - 4 tomahawks
 g - 253 stones (quivered)
 j - 2 exploding tomahawks
 n - 209 arrows
 v - 84 sling bullets
 D - 32 bolts
 G - 11 poisoned needles
Armour
 o - a cursed +0 helmet
 B - a +0 cloak (worn)
 C - a +0 pair of gloves (worn)
 J - a +1 ring mail of fire resistance (worn)
Jewellery
 t - a ring of poison resistance (left hand)
 u - a +3 amulet of reflection (around neck)
 F - a ring of wizardry (right hand)
 I - an uncursed amulet of magic regeneration {unknown}
Wands
 p - a wand of lightning (2/15)
 x - a wand of paralysis (11/24)
 y - a wand of iceblast (1/15)
 N - a wand of paralysis (13/24)
Scrolls
 i - a scroll of fog
 l - 12 scrolls of remove curse
 m - a scroll of recharging
 q - 3 scrolls of amnesia
 z - 3 scrolls of magic mapping
 A - 2 scrolls of teleportation
 L - a scroll of immolation
Potions
 d - a potion of magic
 r - 2 potions of mutation
 M - 2 potions of might
 P - a potion of flight
Books
 c - a book of the Dragon

   Spells                             Type                      Level
   a - Flame Tongue                   Conjuration/Fire             1
   b - Cause Fear                     Hexes                        4
   c - Bolt of Fire                   Conjuration/Fire             6
   d - Dragon Form                    Transmutation                7
   e - Dragon's Call                  Summoning                    9
 O - a book of Necromancy

   Spells                             Type                      Level
   a - Pain                           Necromancy                   1
   b - Animate Skeleton               Necromancy                   1
   c - Vampiric Draining              Necromancy                   3
   d - Regeneration                   Charms/Necromancy            3
   e - Animate Dead                   Necromancy                   4
   f - Control Undead                 Necromancy                   4
Comestibles
 f - 11 bread rations
 h - 4 royal jellies
 k - 3 chunks of flesh
 w - 7 meat rations


   Skills:
 * Level 12.5 Fighting
   Level 1.7 Short Blades
 - Level 1.0 Throwing
 * Level 10.6 Armour
 * Level 9.3 Dodging
 - Level 1.0 Stealth
   Level 1.0 Shields
 - Level 1.0 Unarmed Combat


You had 11 spell levels left.
You didn't know any spells.

Dungeon Overview and Level Annotations

Branches:
Dungeon (10/15)            Temple (1/1) D:7            Lair (0/6) D:9
    Orc (0/2) D:10

Altars:
Ashenzari
Cheibriados
Dithmenos
Elyvilon
Fedhas
Gozag
Hepliaklqana
Kikubaaqudgha
Makhleb
Nemelex Xobeh
Okawaru
Qazlal
Trog
Uskayaw
Xom
Yredelemnul
Zin
The Shining One


Innate Abilities, Weirdness & Mutations

You have a pair of small horns on your head.
You regenerate a lot of health from kills.
You are mostly covered in sharp spines.


Message History

The skeletal warrior is severely damaged.
The skeletal warrior hits you with a hand axe.
* * * LOW HITPOINT WARNING * * *
You hit the skeletal warrior but do no damage.
The skeletal warrior is severely damaged.
The skeletal warrior is struck by your spines.
The skeletal warrior hits you with a hand axe!
* * * LOW HITPOINT WARNING * * *
You barely miss the skeletal warrior.
The skeletal warrior is almost destroyed.
The skeletal warrior hits you but does no damage.
You hit the skeletal warrior but do no damage.
You headbutt the skeletal warrior, but do no damage.
The skeletal warrior is almost destroyed.
The skeletal warrior hits you but does no damage.
You block the skeletal warrior's attack.
You hit the skeletal warrior but do no damage.
The skeletal warrior is almost destroyed.
The skeletal warrior hits you with a hand axe!
You die...

.†)......................#
####.........#########...#
...#.........#.......#..##
...#...#####.#.......#..#
...#...#...'.###.....####
...#...#...#...#......#_#
...#...#...#...#......#'#
...##..#...#...#.z....#.#
....#..#...#...#@.....#.#
....#..'...#...#####'##.#
....'..#...#............#
....#..#####............#
....#...................##
#####....................#
.........................#
...........###############
...........#


You could see a skeletal warrior.

Vanquished Creatures
  Josephine (D:10)
  A two-headed ogre (D:9)
  Joseph (D:7)
  Maurice (D:8)
  Prince Ribbit (D:7)
  A hornet (D:10)
  The ghost of Angani the Ducker, an amateur DEWn of Sif Muna (D:5)
  A spriggan (D:8)
  5 wraiths (D:10)
  5 yaks (D:10)
  Edmund (D:4)
  2 wargs (D:8)
  3 orc warriors
  7 sky beasts
  2 ice beasts
  3 phantoms
  5 centaurs
  5 ogres
  A crocodile (D:9)
  3 bullfrogs
  3 scorpions
  6 killer bees (D:9)
  8 electric eels (D:10)
  6 howler monkeys
  2 crimson imps
  A bullfrog zombie (D:7)
  A centaur zombie (D:6)
  6 hounds
  9 orc priests
  A centaur skeleton (D:10)
  2 jellies
  4 bullfrog skeletons
  7 orc wizards
  Natasha (thrice) (D:4)
  3 worker ants
  3 hound skeletons
  A worker ant zombie (D:9)
  3 gnolls (D:4)
  19 adders
  3 shadow imps
  An ooze (D:5)
  An adder zombie (D:7)
  3 adder skeletons
  3 worms
  3 leopard geckos
  29 orcs
  3 ball pythons
  6 giant cockroaches
  10 goblins
  7 hobgoblins
  16 jackals
  8 kobolds
  5 quokkas
  6 bats
  6 frilled lizards
  9 rats
257 creatures vanquished.

Vanquished Creatures (others)
  An orc (D:9)
1 creature vanquished.

Grand Total: 258 creatures vanquished

Notes
Turn   | Place    | Note
-------+----------+-------------------------------------------
     0 | D:1      | Chiseanne the Demonspawn Wanderer began the quest for the Orb.
     0 | D:1      | Chiseanne set off with: a +2 short sword, a +0 quarterstaff, a potion of curing, a +0 robe, a bread ration
     0 | D:1      | Reached XP level 1. HP: 19/19 MP: 1/1
   364 | D:1      | Reached skill level 1 in Dodging
   364 | D:1      | Gained mutation: You are partially covered in sharp spines. [demonic ancestry]
   364 | D:1      | Reached XP level 2. HP: 7/25 MP: 2/2
  1394 | D:2      | Reached XP level 3. HP: 27/31 MP: 3/3
  1673 | D:2      | Reached skill level 1 in Armour
  1955 | D:2      | Reached XP level 4. HP: 38/38 MP: 4/4
  2548 | D:3      | Reached skill level 5 in Fighting
  2630 | D:3      | Gained mutation: You regenerate a little health from kills. [demonic ancestry]
  2630 | D:3      | Reached XP level 5. HP: 43/44 MP: 5/5
  2858 | D:3      | Found a hazy altar of Hepliaklqana.
  2859 | D:3      | Found a blossoming altar of Fedhas.
  2861 | D:3      | Found a shimmering altar of Xom.
  2868 | D:3      | Found a shattered altar of Ashenzari.
  2868 | D:3      | Found an opulent altar of Gozag.
  2868 | D:3      | Found a basalt altar of Yredelemnul.
  2868 | D:3      | Found a shadowy altar of Dithmenos.
  2870 | D:3      | Found a white marble altar of Elyvilon.
  2872 | D:3      | Found a stormy altar of Qazlal.
  3080 | D:4      | Noticed Edmund
  3109 | D:4      | HP: 1/44 [Edmund/flail of draining (6)]
  3137 | D:4      | Killed Edmund
  3137 | D:4      | Reached XP level 6. HP: 21/51 MP: 6/6
  3496 | D:4      | Noticed Natasha
  3500 | D:4      | Killed Natasha
  3599 | D:4      | Reached skill level 6 in Fighting
  3672 | D:4      | Noticed Natasha
  3679 | D:4      | Killed Natasha
  3720 | D:4      | Gained mutation: You are mostly covered in sharp spines. [demonic ancestry]
  3720 | D:4      | Reached XP level 7. HP: 58/58 MP: 7/7
  3943 | D:4      | Noticed Natasha
  3947 | D:4      | Killed Natasha
  4347 | D:5      | Entered Level 5 of the Dungeon
  4483 | D:5      | Noticed Angani's ghost (amateur DEWn)
  4540 | D:5      | Killed Angani's ghost
  4807 | D:5      | Gained mutation: You regenerate health from kills. [demonic ancestry]
  4807 | D:5      | Reached XP level 8. HP: 55/65 MP: 8/8
  4980 | D:5      | Reached skill level 7 in Fighting
  4980 | D:5      | Reached skill level 5 in Dodging
  5559 | D:6      | Reached skill level 5 in Armour
  5920 | D:6      | Reached skill level 8 in Fighting
  6030 | D:6      | Reached XP level 9. HP: 74/74 MP: 9/9
  6353 | D:7      | Noticed Prince Ribbit
  6368 | D:7      | Killed Prince Ribbit
  6425 | D:7      | Found a staircase to the Ecumenical Temple.
  6426 | D:7      | Noticed Joseph
  6441 | D:7      | Killed Joseph
  6476 | Temple   | Entered the Ecumenical Temple
  6490 | Temple   | Became a worshipper of Makhleb the Destroyer
  6590 | D:7      | Reached skill level 9 in Fighting
  7344 | D:8      | Reached * piety under Makhleb
  7373 | D:8      | Found an iron altar of Okawaru.
  7400 | D:8      | Noticed Maurice
  7430 | D:8      | Killed Maurice
  7430 | D:8      | Gained mutation: You regenerate a lot of health from kills. [demonic ancestry]
  7430 | D:8      | Reached XP level 10. HP: 65/83 MP: 10/10
  7858 | D:9      | Noticed a two-headed ogre
  7872 | D:9      | Killed a two-headed ogre
  7895 | D:8      | Reached skill level 10 in Fighting
  8163 | D:9      | Found a staircase to the Lair.
  8173 | D:9      | Found a hide-covered altar of Uskayaw.
  8347 | D:9      | Reached ** piety under Makhleb
  8563 | D:9      | Found an ancient bone altar of Kikubaaqudgha.
  8697 | D:9      | Found a bloodstained altar of Trog.
  8943 | D:10     | Entered Level 10 of the Dungeon
 10693 | D:10     | Got a smoking long sword
 10698 | D:10     | Found a staircase to the Orcish Mines.
 10706 | D:10     | Identified the +10 long sword "Qecaby" {freeze, Int+4} (You found it on level 10 of the Dungeon)
 10864 | D:10     | Reached XP level 11. HP: 92/92 MP: 11/11
 10876 | D:10     | Noticed a death knight
 10877 | D:10     | Noticed a phantasmal warrior
 10903 | D:10     | Reached skill level 12 in Fighting
 10903 | D:10     | Reached skill level 10 in Armour
 10903 | D:10     | Gained mutation: You have a pair of small horns on your head. [demonic ancestry]
 10903 | D:10     | Reached XP level 12. HP: 31/103 MP: 12/12
 10935 | D:10     | Noticed Josephine
 10954 | D:10     | Killed Josephine
 11049 | D:9      | Slain by a skeletal warrior

Skill      XL: |  1  2  3  4  5  6  7  8  9 10 11 |
---------------+----------------------------------+-----
Dodging        | 1 2 3 4 6 7 9 |  9.3
Armour         | 1 2 3 4 5 7 8 10 | 10.6
Fighting       | 5 6 8 9 10 12 | 12.5
Short Blades   | |  1.7
Throwing       | |  1.0
Stealth        | |  1.0
Shields        | |  1.0
Unarmed Combat | |  1.0

Action                   |  1- 3 |  4- 6 |  7- 9 | 10-12 || total
-------------------------+-------+-------+-------+-------++-------
Melee: Short sword       |    88 |   143 |       |       ||   231
       Punch             |     1 |       |       |       ||     1
       Flail             |       |    41 |    18 |       ||    59
       Spear             |       |     9 |   290 |   144 ||   443
       Long sword        |       |       |       |    67 ||    67
       Headbutt          |       |       |       |    13 ||    13
Throw: Stone             |       |       |       |     3 ||     3
Evoke: Wand              |       |       |       |     4 ||     4
  Use: Scroll            |     3 |    13 |     6 |     6 ||    28
       Potion            |       |     4 |       |    11 ||    15
 Stab: Sleeping          |     1 |       |       |     1 ||     2
  Eat: Chunk             |     3 |     6 |    12 |     8 ||    29
       Royal jelly       |       |       |       |     2 ||     2
Armor: Robe              |     9 |       |       |       ||     9
       Chain mail        |    18 |    76 |   117 |       ||   211
       Skin              |       |    17 |       |       ||    17
       Ring mail         |       |       |    16 |    46 ||    62
Dodge: Dodged            |    49 |    51 |   116 |   135 ||   351
Block: Other             |       |    11 |    26 |    22 ||    59
       Reflection        |       |       |     5 |     3 ||     8
       Rpst.: Long sword |       |       |       |    11 ||    11
